 Dungeon Crawl Stone Soup version 0.30-a0-1103-g25895a7845 (webtiles) character file.

Game seed: 9066552715935792079

171187 Turgor the Brawler (level 17, -1/177 (180) HPs)
             Began as a Troll Fighter on Apr 17, 2023.
             Was the Champion of Wu Jian.
             Constricted to death by a shambling mangrove (14 damage)
             ... on level 2 of the Swamp on Apr 18, 2023.
             The game lasted 03:13:52 (22578 turns).

Turgor the Brawler (Troll Fighter)                 Turns: 22578, Time: 03:13:53

HP:   -1/177 (180)  AC:  7    Str: 35    XL:     17   Next: 38%
MP:   16/16         EV: 10    Int:  4    God:    Wu Jian [******]
Gold: 2471          SH: 17    Dex: 17    Spells: 16/16 levels left

rFire   . . .      SeeInvis .      - Unarmed
rCold   + . .      Faith    .    b - +0 kite shield
rNeg    + . .      Spirit   .    l - +0 swamp dragon scales
rPois   +          Reflect  +    E - +2 hat
rElec   .          Rampage  .    R - scarf {rC+ rF+}
rCorr   +          Harm     + .  (gloves unavailable)
Will    ++...                    (boots unavailable)
Stlth   +                        e - amulet "Lume" {Reflect Harm Str-3 Dex+3 SH+5}
HPRegen 1.29/turn                A - ring of the Hurtling Scavenger {rF- rN+ Will+ rCorr Dex+3}
MPRegen 0.15/turn                V - +6 ring of strength

@: about to teleport, grasped by roots, corroded, flying, constricted, lightly
drained
A: large, unfitting armour, claws 3, regeneration 1, shaggy fur 1, tough skin 1
a: Renounce Religion, Wall Jump, Serpent's Lash, Heavenly Storm


You were on level 2 of the Swamp.
You worshipped Wu Jian.
Wu Jian was exalted by your worship.
You visited 4 branches of the dungeon, and saw 24 of its levels.
You also visited: Sewer, Gauntlet, Ice Cave and Volcano.

You collected 2985 gold pieces.
You spent 514 gold pieces at shops.

Inventory:

Hand Weapons
 g - a +1 scimitar of flaming
 s - the +4 longbow "Rasetip" {flame, +Blink rF+ Str-3 Int+2}
   (You found it on level 15 of the Dungeon)

   Str:       It affects your strength (-3).
   Int:       It affects your intelligence (+2).
   rF:        It protects you from fire.
   +Blink:    It lets you blink.
Missiles
 u - 2 throwing nets
 w - 9 javelins
 D - 31 boomerangs
 G - 48 large rocks (quivered)
 O - 5 silver javelins
 S - a curare-tipped dart
Armour
 b - a +0 kite shield (worn)
 l - +0 swamp dragon scales (worn)
 t - the +2 hat "Tetowkoiv" {rElec rF- rC+}
   (You found it in a Gauntlet)

   rF:        It makes you vulnerable to fire.
   rC:        It protects you from cold.
   rElec:     It insulates you from electricity.
 E - a +2 hat (worn)
 R - a scarf of resistance (worn)
 X - a +2 troll leather armour {Snorg}
Jewellery
 e - the amulet "Lume" (around neck) {Reflect Harm Str-3 Dex+3 SH+5}
   (You found it in a Gauntlet)

   [amulet of reflection]

   It reflects blocked missile attacks.
   Str:       It affects your strength (-3).
   Dex:       It affects your dexterity (+3).
   SH:        It affects your SH (+5).
   Harm:      It increases damage dealt and taken.
 i - a ring of protection from fire
 A - the ring of the Hurtling Scavenger (left claw) {rF- rN+ Will+ rCorr Dex+3}
   (You found it in a Gauntlet)

   [ring of positive energy]

   Dex:       It affects your dexterity (+3).
   rF:        It makes you vulnerable to fire.
   rN:        It protects you from negative energy.
   rCorr:     It protects you from acid and corrosion.
   Will:      It increases your willpower.
 P - a ring of resist corrosion
 V - a +6 ring of strength (right claw)
Wands
 k - a wand of charming (6)
 v - a wand of flame (76)
 y - a wand of iceblast (15)
 M - a wand of mindburst (14)
 T - a wand of digging (2)
 Y - a wand of quicksilver (4)
Scrolls
 a - 2 scrolls of magic mapping
 j - 7 scrolls of enchant armour
 n - 6 scrolls of teleportation
 q - 5 scrolls of vulnerability
 r - 2 scrolls of blinking
 z - 4 scrolls of fear
 B - 3 scrolls of silence
 H - 10 scrolls of poison
 N - 2 scrolls of enchant weapon
 Q - a scroll of identify
 W - 8 scrolls of fog
Potions
 c - 3 potions of might
 d - 5 potions of haste
 f - a potion of resistance
 h - 3 potions of brilliance
 m - 4 potions of attraction
 o - 3 potions of flight
 p - 9 potions of curing
 C - 3 potions of mutation
 J - a potion of invisibility
 K - 2 potions of cancellation
 L - a potion of berserk rage
 Z - 4 potions of lignification
Miscellaneous
 x - a phial of floods (inert)
 F - a box of beasts (inert)


   Skills:
 + Level 14.2 Fighting
 + Level 12.7 Throwing
 + Level 2.6 Armour
 + Level 10.4 Dodging
 + Level 10.5 Shields
 + Level 17.9 Unarmed Combat
 - Level 4.1 Evocations


You had 16 spell levels left.
You didn't know any spells.
Your spell library contained the following spells:

 Spells                   Type           Power      Damage    Failure   Level
 Kiss of Death            Conj/Necr      0%         2d5       80%         1
 Magic Dart               Conj           0%         1d3       80%         1
 Necrotise                Necr           0%         1d4       80%         1
 Sting                    Tmut/Pois      0%         1d3       80%         1
 Summon Small Mammal      Summ           0%         N/A       80%         1
 Call Imp                 Summ           0%         N/A       91%         2
 Poisonous Vapours        Pois/Air       0%         N/A       91%         2
 Static Discharge         Conj/Air       0%         2-2/arc   91%         2
 Call Canine Familiar     Summ           0%         N/A       99%         3
 Confusing Touch          Hex            0%         N/A       99%         3
 Mephitic Cloud           Conj/Pois/Air  0%         N/A       99%         3
 Summon Guardian Golem    Hex/Summ       0%         N/A       99%         3
 Tukima's Dance           Hex            0%         N/A       99%         3
 Vampiric Draining        Necr           0%         2d6       99%         3
 Vhi's Electric Charge    Tloc/Air       0%         N/A       99%         3
 Airstrike                Air            0%         2d(0-16)  100%        4
 Animate Dead             Necr           0%         N/A       100%        4
 Dispel Undead            Necr           0%         3d6       100%        4
 Olgreb's Toxic Radiance  Pois           0%         N/A       100%        4
 Passage of Golubria      Tloc           0%         N/A       100%        4
 Petrify                  Tmut/Erth      0%         N/A       100%        4
 Summon Lightning Spire   Summ/Air       0%         N/A       100%        4
 Agony                    Necr           0%         N/A       100%        5
 Arcjolt                  Conj/Air       0%         1d10      100%        5
 Freezing Cloud           Conj/Ice/Air   0%         6-21      100%        5
 Iskenderun's Battlesphe  Conj           0%         2d6       100%        5
 Metabolic Englaciation   Hex/Ice        0%         N/A       100%        5
 Yara's Violent Unravell  Hex/Tmut       0%         3d3       100%        5
 Iron Shot                Conj/Erth      0%         9d1       100%        6
 Statue Form              Tmut/Erth      0%         N/A       100%        6
 Haunt                    Necr/Summ      0%         N/A       100%        7
 Spellforged Servitor     Conj/Summ      0%         N/A       100%        7
 Borgnjor's Revivificati  Necr           0%         N/A       100%        8
 Infestation              Necr           0%         N/A       100%        8
 Maxwell's Capacitive Co  Air            0%         ∞         100%        8
 Necromutation            Tmut/Necr      0%         N/A       100%        8
 Death's Door             Necr           0%         N/A       100%        9


Dungeon Overview and Level Annotations

Branches:
Dungeon (15/15)            Temple (0/1) D:5            Lair (5/5) D:10
  Swamp (2/4) Lair:3        Snake (0/4) Lair:3        Slime (0/5) Lair:4
    Orc (2/2) D:12            Elf (0/3) Orc:2        Vaults (0/5) D:14
 Depths (0/4) D:15          Sewer (visited)           IceCv (visited)
Volcano (visited)         Gauntlet (visited)

Altars:
Makhleb
Vehumet
Wu Jian

Shops:
D:12 !   D:14 [   Orc:2 :(((?

Annotations:
Swamp:2 exclusion: oklob plant


Innate Abilities, Weirdness & Mutations

You are too large for most types of armour.
You have claws for hands.
Your natural rate of healing is unusually fast.
You are covered in fur. (AC +1)
You have tough skin. (AC +1)


Message History

The grasping roots constrict you!
* * * LOW HITPOINT WARNING * * *
As you read the scroll of teleportation, it crumbles to dust.
You feel strangely unstable. The grasping roots constrict you!
* * * LOW HITPOINT WARNING * * *
The roots grasp on you weakens, but your attempt to escape fails.
The grasping roots constrict you!
* * * LOW HITPOINT WARNING * * *
You escape the roots grasp.
Your surroundings suddenly seem different.
The briar patch crumbles away.
The oklob plant spits acid at you. The splash of acid misses you.
Unknown command.
A shambling mangrove comes into view.
The briar patch crumbles away.
The oklob plant spits acid at you. The splash of acid hits you! You resist.
* * * LOW HITPOINT WARNING * * *
The acid corrodes you!
Roots burst forth from the earth!
The grasping roots grab you! The grasping roots constrict you.
* * * LOW HITPOINT WARNING * * *
Okay, then.
Unknown command.
You feel much better. The oklob plant spits acid at you.
The splash of acid hits you. You resist.
* * * LOW HITPOINT WARNING * * *
The grasping roots constrict you!
* * * LOW HITPOINT WARNING * * *
You can't see any enemies this would affect, really read the scroll of fear?
Okay, then.
As you read the scroll of teleportation, it crumbles to dust.
You feel strangely unstable. The grasping roots constrict you!
* * * LOW HITPOINT WARNING * * *
Unknown command.
You feel very buoyant.
You fly up into the air.
The grasping roots constrict you!
You die...

##..♣ ...♣♣ ♣♣.. ..♣♣.
...P♣ .~..~ ♣♣♣♣♣♣♣
♣♣..PP. ~§.~~
♣♣...♣.♣♣P....∩.
~~~~~...♣P.......~~♣~♣..
...~§~.♣♣......~♣.....♣♣
♣.~~~~~.♣P....~.P...P...
..~~~... ♣...♣..@.~f~...
~~~..... ♣..P♣..~~P..~~.
~~~.~.~♣♣♣♣.♣.f.~.$...~.
.~~..~.♣♣.♣.♣.P~..♣♣♣..~
..........P♣~..~..♣ .§
.~~~~~~♣..♣.~PP~..♣♣ ~
~~~~~§~♣♣♣♣.§P..~....
~~~~~~~♣ ♣P..~P.~~...
)~~..:.♣♣♣.PP♣....~~~


You could see 2 shambling mangroves and an oklob plant.

Vanquished Creatures
  Frances (D:13)
  A shadow dragon (D:14)
  A thorn hunter (Swamp:2)
  A fire giant (D:14)
  An orc warlord (Orc:1)
  A stone giant (D:14)
  2 eleionomae (Swamp:1)
  Nessos (D:14)
  A minotaur (Gauntlet)
  A red draconian (Volcano)
  2 bunyips
  The ghost of Zeopreu the Fencer, a journeyman DsGl of Wu Jian (Lair:4)
  An ettin (Orc:2)
  A crystal guardian (D:14)
  Snorg (D:10)
  A shambling mangrove (Swamp:2)
  A jorogumo (shapeshifter) (D:14)
  6 hydras
  An ogre mage (D:15)
  2 ghost crabs
  4 boulder beetles
  5 centaur warriors
  4 catoblepae
  4 two-headed ogres
  Erica (Lair:2)
  5 death yaks (Lair:5)
  2 hell hogs (Gauntlet)
  A vampire mage (D:15)
  2 orc high priests
  Urug (D:14)
  3 skysharks
  A salamander mystic (Volcano)
  8 skeletal warriors
  Lodul (D:10)
  2 goliath frogs (Swamp:1)
  2 spriggan druids
  A deep troll (D:14)
  A swamp dragon (Swamp:1)
  2 bog bodies
  A tengu zombie (D:15)
  A wolf spider zombie (D:13)
  A wizard (D:14)
  2 necromancers
  Pikel (D:7)
  3 deep elf pyromancers
  12 orc knights
  5 orc sorcerers
  8 ugly things
  6 salamanders (Volcano)
  5 manticores
  A will-o-the-wisp (Swamp:1)
  11 cyclopes
  3 centaur zombies (D:13)
  Maurice (D:11)
  20 elephants
  5 black mambas
  2 ice statues (IceCv)
  A torpor snail (Lair:4)
  A minotaur zombie (Gauntlet)
  5 gargoyles
  8 cane toads
  A kobold demonologist (D:13)
  Psyche (D:11)
  2 komodo dragons
  2 unseen horrors
  2 efreet
  7 rime drakes
  A freezing wraith (D:14)
  2 spriggan skeletons (D:15)
  3 anaconda simulacra (IceCv)
  5 ice devils (IceCv)
  3 meliai (D:14)
  6 trolls
  A polar bear (Lair:4)
  A tyrant leech (Swamp:2)
  7 saltlings (Orc:2)
  3 hornets
  A hornet (shapeshifter) (D:13)
  A meliai zombie (D:13)
  17 blink frogs
  A culicivora (shapeshifter) (D:14)
  A spriggan (Swamp:1)
  14 slime creatures
  A dire elephant simulacrum (IceCv)
  2 shadows
  3 wraiths
  Grum (D:11)
  3 vampires
  10 wyverns
  8 fire bats (Gauntlet)
  50 yaks
  14 humans (D:14)
  10 basilisks
  2 steam dragons
  20 vampire mosquitoes
  Menkaure (D:4)
  4 harpy simulacra (IceCv)
  3 wargs
  2 nagas (Lair:3)
  10 swamp worms
  An acid dragon (D:9)
  11 water moccasins
  7 hell hounds
  2 hydra simulacra (IceCv)
  A glowing shapeshifter skeleton (D:15)
  A swamp drake (Swamp:1)
  2 ice beasts
  2 sky beasts
  27 orc warriors
  A black bear (Lair:2)
  14 wolves
  20 ogres
  12 centaurs
  2 lemures (D:7)
  2 phantoms
  Blork the orc (D:4)
  2 bullfrogs
  5 kobold brigands (D:12)
  3 scorpions
  9 gnoll sergeants
  2 cane toad simulacra (IceCv)
  2 wights
  13 killer bees
  An elephant simulacrum (IceCv)
  A howler monkey (D:13)
  An electric eel (D:7)
  A crimson imp (D:3)
  2 jellies (D:6)
  A hound (D:4)
  23 orc priests
  4 iguanas
  Ijyb (D:3)
  10 hell rats
  39 orc wizards
  A troll simulacrum (IceCv)
  2 wolf simulacra (IceCv)
  24 gnolls
  4 adders
  8 river rats
  A shadow imp (D:7)
  A white imp (IceCv)
  2 ufetubi (D:6)
  75 orcs
  10 bats
  7 endoplasms
  5 giant cockroaches
  7 goblins
  8 hobgoblins
  3 jackals (D:4)
  5 kobolds
  2 quokkas (D:4)
  A ball python (D:1)
  5 frilled lizards
  4 rats
  2 briar patches (Swamp:2)
  A bush (D:10)
811 creatures vanquished.

Vanquished Creatures (collateral kills)
  An orc knight (Orc:2)
  A deep elf pyromancer (D:14)
  2 humans (D:14)
  2 orc warriors (Orc:1)
  An orc priest (Orc:2)
  2 orcs
9 creatures vanquished.

Vanquished Creatures (others)
  A bloated husk (Swamp:2)
  A spriggan (Swamp:2)
  A basilisk (D:14)
  2 vampire mosquitoes (Swamp:2)
  2 orc warriors (Orc:1)
  2 gnolls (D:7)
  A kobold (D:13)
  4 foxfires (Swamp:1)
  14 fungi
  8 pillars of salt (Orc:2)
  41 plants
  10 withered plants
87 creatures vanquished.

Grand Total: 907 creatures vanquished

Notes
Turn   | Place    | Note
-------+----------+-------------------------------------------
     0 | D:1      | Turgor the Troll Fighter began the quest for the Orb.
     0 | D:1      | Reached XP level 1. HP: 22/22 MP: 0/0
   136 | D:1      | Reached XP level 2. HP: 25/29 MP: 1/1
   293 | D:1      | Reached XP level 3. HP: 36/36 MP: 2/2
   807 | D:2      | Reached skill level 3 in Unarmed Combat
   990 | D:2      | Found an ornate altar of the Wu Jian Council.
  1002 | D:2      | Became a worshipper of the Wu Jian Council
  1007 | D:2      | Identified the +6 leather armour "Riguadao" {Dex+2 Stlth+}
  1335 | D:3      | Reached XP level 4. HP: 23/45 MP: 0/3
  1579 | D:3      | Noticed Ijyb
  1584 | D:3      | Killed Ijyb
  1585 | D:3      | Reached XP level 5. HP: 53/53 MP: 4/4
  1767 | D:3      | Reached skill level 4 in Unarmed Combat
  2006 | D:3      | Found a burning altar of Makhleb.
  2007 | D:3      | Found a radiant altar of Vehumet.
  2056 | D:4      | Reached * piety under Wu Jian
  2074 | D:4      | Reached XP level 6. HP: 31/62 MP: 5/5
  2202 | D:4      | Found a glowing drain.
  2206 | Sewer    | Entered a sewer
  2234 | Sewer    | Noticed a water moccasin
  2239 | Sewer    | Killed a water moccasin
  2240 | Sewer    | Reached skill level 5 in Unarmed Combat
  2463 | D:4      | Noticed Blork the orc
  2477 | D:4      | Killed Blork the orc
  2552 | D:4      | Noticed Menkaure
  2585 | D:4      | Killed Menkaure
  2586 | D:4      | Reached XP level 7. HP: 23/71 MP: 6/6
  2677 | D:4      | Reached skill level 5 in Fighting
  2792 | D:4      | Reached skill level 6 in Unarmed Combat
  3041 | D:5      | Entered Level 5 of the Dungeon
  3165 | D:5      | Found a staircase to the Ecumenical Temple.
  3242 | D:5      | Reached skill level 5 in Shields
  3242 | D:5      | Reached XP level 8. HP: 64/83 MP: 7/7
  3299 | D:5      | Reached ** piety under Wu Jian
  3300 | D:5      | Reached skill level 7 in Unarmed Combat
  3800 | D:6      | Reached skill level 8 in Unarmed Combat
  4436 | D:6      | Reached skill level 9 in Unarmed Combat
  4617 | D:7      | Reached XP level 9. HP: 93/93 MP: 8/8
  5007 | D:7      | Reached *** piety under Wu Jian
  5113 | D:7      | Noticed Pikel
  5270 | D:7      | Killed Pikel
  5271 | D:7      | Reached skill level 10 in Unarmed Combat
  5716 | D:8      | Reached XP level 10. HP: 106/106 MP: 9/9
  5830 | D:8      | Noticed a two-headed ogre
  5845 | D:8      | Killed a two-headed ogre
  6747 | D:9      | Reached skill level 11 in Unarmed Combat
  7330 | D:10     | Entered Level 10 of the Dungeon
  7397 | D:9      | Reached skill level 5 in Dodging
  7476 | D:10     | Reached **** piety under Wu Jian
  7589 | D:10     | Noticed Snorg
  7605 | D:10     | Killed Snorg
  7828 | D:10     | Found a staircase to the Lair.
  8313 | D:10     | Reached XP level 11. HP: 115/115 MP: 10/10
  8423 | D:11     | Found a gate leading to a gauntlet.
  8442 | Gauntlet | Entered a Gauntlet
  8442 | Gauntlet | Found a transporter.
  8448 | Gauntlet | Noticed a sixfirhy
  8449 | Gauntlet | Found a runed translucent door.
  8451 | Gauntlet | Found a transporter.
  8452 | Gauntlet | Found a transporter.
  8452 | Gauntlet | Noticed a sixfirhy
  8453 | Gauntlet | Found a transporter.
  8456 | Gauntlet | Found a transporter.
  8457 | Gauntlet | Found a transporter.
  8462 | Gauntlet | Noticed a fire crab
  8467 | Gauntlet | Noticed a fire crab
  8468 | Gauntlet | Found a transporter.
  8486 | Gauntlet | Noticed a hell hog
  8487 | Gauntlet | Found a transporter.
  8504 | Gauntlet | Found a transporter.
  8508 | Gauntlet | Found a transporter.
  8511 | Gauntlet | Noticed a hell hog
  8517 | Gauntlet | Found a transporter.
  8549 | Gauntlet | Found a runed translucent door.
  8574 | Gauntlet | Found a transporter.
  8656 | Gauntlet | Killed a hell hog
  8660 | Gauntlet | Identified the amulet "Lume" {Reflect Harm Str-3 Dex+3
                  | SH+5}
  8683 | Gauntlet | Killed a hell hog
  8705 | Gauntlet | Identified the +2 hat "Tetowkoiv" {rElec rF- rC+}
  8719 | Gauntlet | Noticed a minotaur
  8728 | Gauntlet | Killed a minotaur
  8729 | Gauntlet | Reached skill level 12 in Unarmed Combat
  8736 | Gauntlet | Identified the ring of the Hurtling Scavenger {rF- rN+
                  | Will+ rCorr Dex+3}
  8814 | D:11     | Noticed Psyche
  8926 | D:10     | Noticed Lodul
  9068 | D:10     | Killed Lodul
  9069 | D:10     | Reached skill level 1 in Throwing
  9069 | D:10     | Reached skill level 10 in Shields
  9117 | D:11     | Killed Psyche
  9184 | D:11     | Identified the +3 robe of Suhehiso {Str+5}
  9325 | D:11     | Noticed a boulder beetle
  9338 | D:11     | Killed a boulder beetle
  9339 | D:11     | Reached skill level 10 in Fighting
  9433 | D:11     | Noticed a two-headed ogre
  9472 | D:11     | Reached ***** piety under Wu Jian
  9477 | D:11     | Killed a two-headed ogre
  9478 | D:11     | Reached XP level 12. HP: 98/126 MP: 11/11
  9528 | D:11     | Noticed Grum
  9537 | D:11     | Killed Grum
  9572 | D:11     | Noticed Maurice
  9581 | D:11     | Killed Maurice
  9758 | D:12     | Found Lossexon's Distillery.
  9772 | D:12     | Bought a potion of degeneration for 15 gold pieces
  9824 | D:12     | Noticed a boulder beetle
  9866 | D:12     | Killed a boulder beetle
  9904 | D:12     | Reached skill level 13 in Unarmed Combat
 10246 | D:12     | Found a staircase to the Orcish Mines.
 10275 | D:12     | Reached skill level 5 in Throwing
 10836 | Lair:1   | Entered Level 1 of the Lair of Beasts
 12173 | Lair:2   | Noticed Erica
 12180 | Lair:2   | Killed Erica
 12585 | Lair:3   | Found a frozen archway.
 12612 | IceCv    | Entered an ice cave
 12845 | IceCv    | Reached XP level 13. HP: 140/140 MP: 12/12
 12909 | IceCv    | Reached skill level 14 in Unarmed Combat
 13103 | Lair:3   | Found a staircase to the Snake Pit.
 13234 | Lair:3   | Found a staircase to the Swamp.
 13584 | Lair:3   | Upgraded the game from 0.30-a0-1094-g860fb061e7 to
                  | 0.30-a0-1103-g25895a7845
 13689 | Lair:4   | Reached ****** piety under Wu Jian
 13731 | Lair:4   | Noticed Zeopreu's ghost (journeyman DsGl)
 13737 | Lair:4   | Found a runed translucent gate.
 13737 | Lair:4   | Found a runed translucent gate.
 13737 | Lair:4   | Found a runed translucent gate.
 13836 | Lair:4   | Found a dark tunnel.
 13870 | Volcano  | Entered a volcano
 13905 | Volcano  | Found a bloodstained altar of Trog.
 13952 | Volcano  | Noticed a red draconian
 13975 | Volcano  | Killed a red draconian
 13981 | Volcano  | Identified the +1 pair of gloves "Xameubar" {Dex+6}
 14167 | Lair:4   | Found a staircase to the Slime Pits.
 14442 | Lair:5   | Entered Level 5 of the Lair of Beasts
 14556 | Lair:5   | Reached XP level 14. HP: 153/153 MP: 13/13
 14590 | Lair:5   | Reached skill level 15 in Unarmed Combat
 15809 | Orc:1    | Entered Level 1 of the Orcish Mines
 16057 | Orc:1    | Noticed an orc warlord
 16066 | Orc:1    | Killed an orc warlord
 16475 | Orc:2    | Entered Level 2 of the Orcish Mines
 16480 | Orc:2    | Found Husune's Magic Scroll Shoppe.
 16492 | Orc:2    | Bought a scroll of blinking for 97 gold pieces
 16492 | Orc:2    | Bought a scroll of poison for 52 gold pieces
 16492 | Orc:2    | Bought a scroll of blinking for 97 gold pieces
 17026 | Orc:2    | Found a staircase to the Elven Halls.
 17048 | Orc:2    | Reached XP level 15. HP: 157/163 MP: 14/14
 17048 | Orc:2    | Reached XP level 16. HP: 166/172 MP: 15/15
 17199 | Orc:2    | Found Radwat's Weapon Shoppe.
 17299 | Orc:2    | Reached skill level 10 in Throwing
 17399 | Orc:2    | Found Reiven's Antique Weapon Shoppe.
 17401 | Orc:2    | Found Xunut's Book Shoppe.
 17426 | Orc:2    | Reached skill level 16 in Unarmed Combat
 17460 | Orc:2    | Found Qunuat's Weapon Boutique.
 17504 | Orc:2    | Bought a scroll of identify for 26 gold pieces
 17504 | Orc:2    | Bought a scroll of identify for 26 gold pieces
 17504 | Orc:2    | Bought a scroll of fear for 52 gold pieces
 17504 | Orc:2    | Bought a scroll of fog for 52 gold pieces
 17504 | Orc:2    | Bought a scroll of magic mapping for 97 gold pieces
 17524 | Orc:1    | Paralysed by an orc sorcerer for 4 turns
 18276 | D:13     | Reached skill level 10 in Dodging
 18277 | D:13     | Paralysed by a hornet for 2 turns
 18385 | D:13     | Noticed Frances
 18402 | D:13     | Killed Frances
 18745 | D:14     | Found Egekk's Armour Boutique.
 19319 | D:14     | Reached skill level 17 in Unarmed Combat
 19355 | D:14     | Noticed Nessos
 19372 | D:14     | Killed Nessos
 19435 | D:14     | Found a gate to the Vaults.
 19497 | D:14     | Noticed Urug
 19506 | D:14     | Killed Urug
 19568 | D:14     | Noticed a shadow dragon
 19609 | D:14     | Killed a shadow dragon
 20390 | D:15     | Entered Level 15 of the Dungeon
 20497 | D:15     | Identified the +4 longbow "Rasetip" {flame, +Blink rF+
                  | Str-3 Int+2}
 20519 | D:15     | Reached XP level 17. HP: 74/180 MP: 16/16
 20890 | D:15     | Reached skill level 1 in Armour
 20917 | D:15     | Found a staircase to the Depths.
 21484 | Lair:4   | Killed Zeopreu's ghost
 21588 | Swamp:1  | Entered Level 1 of the Swamp
 22575 | Swamp:2  | HP: 5/177 [constriction (6)]
 22578 | Swamp:2  | Constricted to death by a shambling mangrove

Illustrated notes

Levels and vault maps discovered:
D:1:      matt_arrival_grand_opening, layout_basic,
          amcnicky_mini_rare_corridor_liquid, nicolae_grassy_gnolls
D:2:      layout_rooms, basic_altar, minmay_misc_feat_tiny
D:3:      layout_basic, grunt_temple_overflow_lords_of_destruction, uniq_ijyb
D:4:      layout_cave_pools, gup_sewer_entry_spiral, kennysheep_small_spiral,
          hex_medium, uniq_blork_the_orc, uniq_menkaure
D:5:      layout_gridville, minmay_temple_entry_mist
D:6:      layout_cave_pods, serial_column_ruins, column_ruins_open_tiny,
          column_ruins_columns_corner, column_ruins_open_tiny,
          column_ruins_corridor_corner
D:7:      layout_rooms, kennysheep_flooded_box, uniq_pikel
D:8:      layout_loops_corners
D:9:      layout_loops_corners, grunt_decor_fettered
D:10:     layout_irregular_city, dpeg_oklobed_lair, minmay_misc_feat_square,
          kb_lookout_dungeons_type, uniq_snorg, uniq_lodul
D:11:     layout_roguey, gauntlet_entry_generic, uniq_grum, uniq_psyche,
          uniq_maurice
D:12:     layout_irregular_city, kennysheep_orc_monster_closet_entryway,
          serial_shops, nicolae_shop_hallway_plus, glass_columns_a,
          hangedman_decor_points
D:13:     layout_loops_cross, serial_undead, serial_undead_c, serial_undead_c,
          serial_undead_c, serial_undead_e, serial_undead_c, serial_undead_f,
          uniq_frances
D:14:     minmay_textured_paths, layout_layer_cave, david_vaults_3, special_room
          [special_room_mythical_zoo], serial_shops,
          nicolae_shop_tiny_statue_garden
D:15:     gammafunk_depths_entry_grave, layout_basic
Lair:1:   layout_small_grid, chequers_serial_rivers_micro_d
Lair:2:   layout_hall_layers, kennysheep_rathole, uniq_erica
Lair:3:   layout_long_grid, skrybe_swamp_entry_bodies,
          guppyfry_snake_entry_garden, portal_ice_cave_entry_pillars_2,
          lemuel_fruit_fields
Lair:4:   layout_cave_shapes, dpeg_slime_entry_corner, gammafunk_ghost_split,
          nicolae_volcano_entry_two_sided, infiniplex_staircase_pool
Lair:5:   evilmike_catoblepas_cave, layout_long_grid, grunt_megastairs_5
Swamp:1:  layout_basic_swamp, hangedman_swamp_lotus
Swamp:2:  nicolae_swamp_phyte_club, layout_basic_swamp, serial_swamp_ruin,
          evilmike_swamp_ruin_house_1, evilmike_swamp_ruin_house_4, swamp_pool1
Orc:1:    orc_temple, layout_caves, special_room [special_room_orc],
          nicolae_orc_rockfall, lightli_orcish_oven, uniq_urug
Orc:2:    hellmonk_orc_salted, layout_caves, serial_shops,
          nicolae_shop_statue_plus, guppyfry_library_mini

Skill      XL: |  1  2  3  4  5  6  7  8  9 10 11 12 13 14 15 16 17 |
---------------+----------------------------------------------------+-----
Shields        | 3 4 5 6 8 10 | 10.5
Unarmed Combat | 3 4 5 6 9 10 11 12 13 14 15 17 | 17.9
Fighting       | 3 4 5 7 8 9 10 12 13 14 | 14.2
Dodging        | 4 5 6 7 9 10 | 10.4
Throwing       | 3 6 8 9 12 | 12.7
Evocations     | 4 |  4.1
Armour         | 2 |  2.6

Action                     |  1- 3 |  4- 6 |  7- 9 | 10-12 | 13-15 | 16-18 || total
---------------------------+-------+-------+-------+-------+-------+-------++-------
  Melee: Unarmed           |    83 |   100 |   311 |   609 |   684 |   613 ||  2400
  Throw: Stone             |       |     3 |       |       |       |       ||     3
         Dart              |       |       |     9 |     8 |     2 |     2 ||    21
         Throwing net      |       |       |       |     1 |       |       ||     1
         Large rock        |       |       |       |       |     6 |    25 ||    31
         Boomerang         |       |       |       |       |       |    46 ||    46
 Invoke: Serpent's Lash    |       |       |       |     1 |     2 |       ||     3
         Heavenly Storm    |       |       |       |       |     1 |     1 ||     2
Ability: Lunge             |     6 |     7 |    16 |    33 |    54 |    23 ||   139
         Whirlwind         |       |     1 |    11 |   106 |    98 |    43 ||   259
         Wall Jump         |       |       |    22 |    56 |    33 |    44 ||   155
  Evoke: Wand              |       |     1 |     4 |    14 |     3 |    16 ||    38
         Phial of floods   |       |       |       |       |     1 |     3 ||     4
         Box of beasts     |       |       |       |       |       |     2 ||     2
    Use: Scroll            |       |     3 |    12 |     9 |     1 |    13 ||    38
         Potion            |       |       |       |    11 |     4 |    11 ||    26
   Stab: Sleeping          |     1 |       |       |     1 |     2 |       ||     4
         Invisible         |       |       |       |     2 |       |       ||     2
         Held in net/web   |       |       |       |     1 |       |       ||     1
         Distracted        |       |       |       |       |       |     1 ||     1
         Petrifying        |       |       |       |       |       |     1 ||     1
         Petrified         |       |       |       |       |       |     1 ||     1
 Armour: Robe              |    15 |    18 |    46 |       |       |       ||    79
         Steam dragon scal |       |       |    19 |    42 |       |       ||    61
         Troll leather arm |       |       |       |    68 |    69 |    70 ||   207
         Swamp dragon scal |       |       |       |       |       |    10 ||    10
  Dodge: Dodged            |    24 |    32 |    59 |   138 |   122 |   118 ||   493
  Block: Kite shield       |    22 |    29 |   172 |   313 |   305 |   337 ||  1178
         Reflection        |       |       |     4 |    14 |     5 |    27 ||    50

Table legend: (Time is in decaauts)
 A = Elapsed time spent in this place.
 B = Non-inter-level travel time spent in this place.
 C = Inter-level travel time spent in this place.
 D = Time resting spent in this place.
 E = Time spent auto-exploring this place.
 F = Levels seen in this place.
 G = Mean time per level.
                   A        B        C        D        E       F      G
               +--------+--------+--------+--------+--------+-----+--------+
         Total |  22509 |  20754 |   1755 |   1004 |  12159 |  28 |  803.9 |
       Dungeon |  14107 |  13056 |   1051 |    585 |   8298 |  15 |  940.5 |
          Lair |   4352 |   3858 |    494 |     76 |   2557 |   5 |  870.4 |
         Swamp |    961 |    889 |     72 |    126 |    443 |   2 |  480.5 |
  Orcish Mines |   2000 |   1863 |    137 |     75 |    853 |   2 | 1000.0 |
         Sewer |     77 |     77 |      0 |      0 |      0 |   1 |   77.0 |
      Ice Cave |    477 |    477 |      0 |    113 |      5 |   1 |  477.0 |
       Volcano |    198 |    198 |      0 |     13 |      3 |   1 |  198.0 |
      Gauntlet |    333 |    333 |      0 |     15 |      0 |   1 |  333.0 |
               +--------+--------+--------+--------+--------+-----+--------+

Top non-repeatable levels by time:
    D:14: 1719 daAuts
    D:10: 1360 daAuts
  Lair:5: 1200 daAuts
     D:8: 1107 daAuts
     D:6: 1090 daAuts
   Orc:2: 1058 daAuts
    D:12: 1041 daAuts
     D:3: 1007 daAuts
     D:9: 1002 daAuts
   Orc:1: 942 daAuts
    D:11: 902 daAuts
  Lair:2: 887 daAuts
  Lair:1: 873 daAuts
    D:13: 867 daAuts
    D:15: 815 daAuts
